SAA
LANCASTER FARMERS @ ATHLETIC CLUB KC ACADEMY
08/07/2029
 
TOP OF THE 1ST
Lancaster Farmers batting - Pitching for Athletic Club KC Academy : RHP Ismael Calderón
Pitching: RHP Ismael Calderón
Batting: SHB Robert La Caze 0-0: Ball
1-0: Ground out 4-3 (Groundball, 4)
Batting: RHB Roberto Camacho 0-0: Ball
1-0: Called Strike
1-1: Swinging Strike
1-2: Foul Ball, location: 2F
1-2: Ball
2-2: Strikes out swinging
Batting: RHB Alejandro Garza 0-0: Ball
1-0: Ball
2-0: Ball
3-0: Base on Balls
Batting: RHB Gabe Cain 0-0: DOUBLE (Flyball, 78D)
Alejandro Garza to third
Runner from 3rd tries for Home, SAFE, no throw
Batting: LHB Tullu Amaad 0-0: Ball
1-0: Foul Ball, location: 2F
1-1: Swinging Strike
1-2: Foul Ball, location: 2F
1-2: Ball
2-2: Strikes out swinging, 2-3 out at first.
Top of the 1st over - 1 run, 1 hit, 0 errors, 1 left on base; Lancaster 1 - Athletic Club KC Academy 0
BOTTOM OF THE 1ST
Athletic Club KC Academy batting - Pitching for Lancaster Farmers : RHP Gerry Fleck
Pitching: RHP Gerry Fleck
Batting: RHB Tae-kyun Chon 0-0: Ball
1-0: Foul Ball, location: 2F
1-1: Called Strike
1-2: Ball
2-2: Ball
3-2: Ground out 5-3 (Groundball, 56)
Batting: RHB Colin Bottone 0-0: Swinging Strike
0-1: Ball
1-1: Swinging Strike
1-2: Strikes out swinging
Batting: LHB Ramón Morterero 0-0: Called Strike
0-1: Ball
1-1: Called Strike
1-2: SOLO HOME RUN (Flyball, 89XD), Distance : 416 ft
Batting: RHB Roger Caffyn 0-0: Ball
1-0: Ball
2-0: Ball
3-0: Called Strike
3-1: Base on Balls
Batting: LHB Kwang-chih Feng 0-0: Called Strike
0-1: Ball
1-1: Ball
2-1: Ball
3-1: Swinging Strike
3-2: SINGLE (Groundball, 34D)
Roger Caffyn to second
Roger Caffyn to third
Batting: RHB Troy Whitehurst 0-0: Called Strike
0-1: Swinging Strike
0-2: SINGLE (Groundball, 6MD)
Roger Caffyn scores
Kwang-chih Feng to second
Runner from 2nd tries for 3rd, OUT!
Bottom of the 1st over - 2 runs, 3 hits, 0 errors, 1 left on base; Lancaster 1 - Athletic Club KC Academy 2
TOP OF THE 2ND
Lancaster Farmers batting - Pitching for Athletic Club KC Academy : RHP Ismael Calderón
Batting: RHB Cosmo Castanhedo 0-0: Called Strike
0-1: Called Strike
0-2: Ball
1-2: SINGLE (Flyball, 78M)
Batting: LHB Carlos Germán 0-0: Called Strike
0-1: Ball
1-1: Swinging Strike
1-2: Ball
2-2: Strikes out swinging
Batting: SHB Sven Spee 0-0: Ground out 4-3 (Groundball, 4S)
Cosmo Castanhedo to second
Batting: RHB Danijel van Aalten 0-0: Called Strike
0-1: Ball
1-1: Ground out 6-3 (Groundball, 6)
Top of the 2nd over - 0 runs, 1 hit, 0 errors, 1 left on base; Lancaster 1 - Athletic Club KC Academy 2
BOTTOM OF THE 2ND
Athletic Club KC Academy batting - Pitching for Lancaster Farmers : RHP Gerry Fleck
Batting: LHB Takayuki Yoshikawa 0-0: Called Strike
0-1: TRIPLE (Flyball, 9D)
Batting: RHB Fernando Rodríguez 0-0: Called Strike
0-1: Foul Ball, location: 2F
0-2: Ball
1-2: Foul Ball, location: 2F
1-2: Strikes out swinging
Batting: RHB Dewey Nauss 0-0: Ball
1-0: Ball
2-0: Swinging Strike
2-1: Ball
3-1: Base on Balls
Batting: RHB Tae-kyun Chon 0-0: Ball
1-0: Foul Ball, location: 2F
1-1: Called Strike
1-2: Strikes out swinging
Batting: RHB Colin Bottone 0-0: Ball
1-0: Ball
2-0: Ball
3-0: Base on Balls
Dewey Nauss to second
Batting: LHB Ramón Morterero 0-0: Ball
1-0: Called Strike
1-1: Fly out, F8 (Flyball, 8LD)
Bottom of the 2nd over - 0 runs, 1 hit, 0 errors, 3 left on base; Lancaster 1 - Athletic Club KC Academy 2
TOP OF THE 3RD
Lancaster Farmers batting - Pitching for Athletic Club KC Academy : RHP Ismael Calderón
Batting: SHB Robert La Caze 0-0: Swinging Strike
0-1: Fly out, F9 (Line Drive, 9)
Batting: RHB Roberto Camacho 0-0: Ball
1-0: Ground out 6-3 (Groundball, 6)
Batting: RHB Alejandro Garza 0-0: Ball
1-0: Ball
2-0: Ball
3-0: Swinging Strike
3-1: Base on Balls
Batting: RHB Gabe Cain 0-0: Ball
1-0: Swinging Strike
1-1: Ball
2-1: Swinging Strike
2-2: Ground out 3-1 (Groundball, 34S)
Top of the 3rd over - 0 runs, 0 hits, 0 errors, 1 left on base; Lancaster 1 - Athletic Club KC Academy 2
BOTTOM OF THE 3RD
Athletic Club KC Academy batting - Pitching for Lancaster Farmers : RHP Gerry Fleck
Batting: RHB Roger Caffyn 0-0: Called Strike
0-1: Called Strike
0-2: Foul Ball, location: 2F
0-2: Ground out U3 (Groundball, 23)
Batting: LHB Kwang-chih Feng 0-0: Ball
1-0: Swinging Strike
1-1: Called Strike
1-2: Fly out, F6 (Popup, 6)
Batting: RHB Troy Whitehurst 0-0: Ball
1-0: Ball
2-0: Fly out, F9 (Flyball, 89S)
Bottom of the 3rd over - 0 runs, 0 hits, 0 errors, 0 left on base; Lancaster 1 - Athletic Club KC Academy 2
TOP OF THE 4TH
Lancaster Farmers batting - Pitching for Athletic Club KC Academy : RHP Ismael Calderón
Batting: LHB Tullu Amaad 0-0: Ball
1-0: Fly out, F8 (Flyball, 8RS)
Batting: RHB Cosmo Castanhedo 0-0: Ball
1-0: Ball
2-0: Ball
3-0: Called Strike
3-1: Called Strike
3-2: TRIPLE (Flyball, 8RXD)
Batting: LHB Carlos Germán 0-0: Swinging Strike
0-1: Ball
1-1: Ball
2-1: Ball
3-1: Called Strike
3-2: Fly out, F8 (Flyball, 8LM)
Runner from 3rd tags up, SCORES, throw made
Batting: SHB Sven Spee 0-0: Called Strike
0-1: Foul Ball, location: 2F
0-2: Strikes out swinging
Top of the 4th over - 1 run, 1 hit, 0 errors, 0 left on base; Lancaster 2 - Athletic Club KC Academy 2
BOTTOM OF THE 4TH
Athletic Club KC Academy batting - Pitching for Lancaster Farmers : RHP Gerry Fleck
Batting: LHB Takayuki Yoshikawa 0-0: Ball
1-0: Ground out 4-3 (Groundball, 34)
Batting: RHB Fernando Rodríguez 0-0: Ball
1-0: Fly out, F9 (Flyball, 89M)
Batting: RHB Dewey Nauss 0-0: Ball
1-0: Foul Ball, location: 2F
1-1: Fly out, F4 (Line Drive, 6M)
Bottom of the 4th over - 0 runs, 0 hits, 0 errors, 0 left on base; Lancaster 2 - Athletic Club KC Academy 2
TOP OF THE 5TH
Lancaster Farmers batting - Pitching for Athletic Club KC Academy : RHP Ismael Calderón
Batting: RHB Danijel van Aalten 0-0: Ball
1-0: Ball
2-0: Ball
3-0: Base on Balls
Batting: SHB Robert La Caze 0-0: Ball
1-0: Sac Bunt - play at first, batter OUT! 3-4
Danijel van Aalten to second
Batting: RHB Roberto Camacho 0-0: Called Strike
Danijel van Aalten steals 3rd base
0-1: Fly out, F8 (Flyball, 8LM)
Runner from 3rd tags up, OUT at HOME
Top of the 5th over - 0 runs, 0 hits, 0 errors, 0 left on base; Lancaster 2 - Athletic Club KC Academy 2
BOTTOM OF THE 5TH
Athletic Club KC Academy batting - Pitching for Lancaster Farmers : RHP Gerry Fleck
Now in RF: Edgardo Castro
Batting: RHB Tae-kyun Chon 0-0: Ball
1-0: Ball
2-0: Ball
3-0: Base on Balls
Batting: RHB Colin Bottone 0-0: Fly out, F8 (Flyball, 8RD)
Batting: LHB Ramón Morterero 0-0: Called Strike
0-1: Fly out, F7 (Flyball, 7LSF)
Batting: RHB Roger Caffyn 0-0: Called Strike
Tae-kyun Chon is caught stealing 2nd base
Bottom of the 5th over - 0 runs, 0 hits, 0 errors, 0 left on base; Lancaster 2 - Athletic Club KC Academy 2
TOP OF THE 6TH
Lancaster Farmers batting - Pitching for Athletic Club KC Academy : RHP Ismael Calderón
Batting: RHB Alejandro Garza 0-0: Ball
1-0: Foul Ball, location: 2F
1-1: Foul Ball, location: 2F
1-2: Strikes out looking
Batting: RHB Gabe Cain 0-0: Called Strike
0-1: Ball
1-1: Fly out, F6 (Line Drive, 6M)
Batting: LHB Tullu Amaad 0-0: Ball
1-0: Foul Ball, location: 2F
1-1: Called Strike
1-2: Strikes out looking
Top of the 6th over - 0 runs, 0 hits, 0 errors, 0 left on base; Lancaster 2 - Athletic Club KC Academy 2
BOTTOM OF THE 6TH
Athletic Club KC Academy batting - Pitching for Lancaster Farmers : RHP Gerry Fleck
Batting: RHB Roger Caffyn 0-0: Ball
1-0: Ball
2-0: Ball
3-0: Called Strike
3-1: Foul Ball, location: 2F
3-2: Base on Balls
Batting: LHB Kwang-chih Feng 0-0: Ball
1-0: Called Strike
1-1: Ball
2-1: Ball
3-1: Called Strike
3-2: Foul Ball, location: 2F
3-2: Foul Ball, location: 2F
3-2: Strikes out looking
Batting: RHB Troy Whitehurst 0-0: Ball
1-0: Called Strike
1-1: Called Strike
1-2: Strikes out swinging
Batting: LHB Takayuki Yoshikawa 0-0: Called Strike
0-1: Ground out 6-3 (Groundball, 56D)
Bottom of the 6th over - 0 runs, 0 hits, 0 errors, 1 left on base; Lancaster 2 - Athletic Club KC Academy 2
TOP OF THE 7TH
Lancaster Farmers batting - Pitching for Athletic Club KC Academy : RHP Ismael Calderón
Pinch Hitting: LHB Pancho Farías 0-0: Ball
1-0: Ball
2-0: Ball
3-0: Called Strike
3-1: SINGLE (Groundball, 4MD)
Pitching: RHP Andrés Martínez
Batting: LHB Carlos Germán 0-0: Sac Bunt - play at first, batter OUT! U3
Pancho Farías to second
Pinch Hitting: LHB Mark Armstead 0-0: Intentional Walk
Batting: RHB Edgardo Castro 0-0: Ball
1-0: Ball
2-0: 3-RUN HOME RUN (Flyball, 7LD), Distance : 351 ft
Pitching: RHP Claudio Valenzuela
Batting: SHB Robert La Caze 0-0: Called Strike
0-1: Ball
1-1: Swinging Strike
1-2: Strikes out swinging
Batting: RHB Roberto Camacho 0-0: Foul Ball, location: 2F
0-1: Foul Ball, location: 2F
0-2: Ball
1-2: Ground out 5-3 (Groundball, 5S)
Top of the 7th over - 3 runs, 2 hits, 0 errors, 0 left on base; Lancaster 5 - Athletic Club KC Academy 2
BOTTOM OF THE 7TH
Athletic Club KC Academy batting - Pitching for Lancaster Farmers : RHP Gerry Fleck
Now in LF: Pancho Farías
Batting: RHB Fernando Rodríguez 0-0: DOUBLE (Line Drive, 7LD)
Now in LF: Mark Armstead
Pinch Runner at 2nd Arturo Annunziato:
Batting: RHB Dewey Nauss 0-0: Foul Ball, location: 2F
0-1: Ball
1-1: Swinging Strike
1-2: SINGLE (Groundball, 56D)
Arturo Annunziato to third
Runner from 3rd tries for Home, SAFE, no throw
Batting: RHB Tae-kyun Chon 0-0: Ball
1-0: Ball
2-0: SINGLE (Line Drive, 56)
Dewey Nauss to second
Batting: RHB Colin Bottone 0-0: Called Strike
0-1: Foul Ball, location: 2F
0-2: Ball
1-2: Grounds into double play, 5-4-3 (Groundball, 5)
Dewey Nauss to third
Batting: LHB Ramón Morterero 0-0: Ball
1-0: Foul Ball, location: 2F
1-1: Ground out 6-3 (Groundball, 6)
Bottom of the 7th over - 1 run, 3 hits, 0 errors, 1 left on base; Lancaster 5 - Athletic Club KC Academy 3
TOP OF THE 8TH
Lancaster Farmers batting - Pitching for Athletic Club KC Academy : RHP Claudio Valenzuela
Now in LF: Arturo Annunziato
Batting: RHB Alejandro Garza 0-0: Ball
1-0: Ball
2-0: Called Strike
2-1: Swinging Strike
2-2: Ball
3-2: Fly out, F7 (Flyball, 7D)
Batting: RHB Gabe Cain 0-0: Ball
1-0: SINGLE (Line Drive, 9LS)
Batting: LHB Tullu Amaad 0-0: Swinging Strike
0-1: Called Strike
0-2: Ground out U3 (Groundball, 3)
Gabe Cain to second
Batting: LHB Pancho Farías 0-0: Fly out, F8 (Flyball, 8RD)
Top of the 8th over - 0 runs, 1 hit, 0 errors, 1 left on base; Lancaster 5 - Athletic Club KC Academy 3
BOTTOM OF THE 8TH
Athletic Club KC Academy batting - Pitching for Lancaster Farmers : RHP Gerry Fleck
Batting: RHB Roger Caffyn 0-0: Ball
1-0: Ball
2-0: Swinging Strike
2-1: DOUBLE (Line Drive, 7D)
Batting: LHB Kwang-chih Feng 0-0: Hit by Pitch
Pinch Hitting: LHB Chi-hun Chong 0-0: Swinging Strike
0-1: Called Strike
0-2: Grounds into double play, 5-4-3 (Groundball, 56)
Roger Caffyn to third
Batting: LHB Takayuki Yoshikawa 0-0: Swinging Strike
0-1: Swinging Strike
0-2: Strikes out swinging
Bottom of the 8th over - 0 runs, 1 hit, 0 errors, 1 left on base; Lancaster 5 - Athletic Club KC Academy 3
TOP OF THE 9TH
Lancaster Farmers batting - Pitching for Athletic Club KC Academy : RHP Claudio Valenzuela
Pitching: RHP Byron Rosebotham
Now in LF: Chi-hun Chong
Batting: LHB Carlos Germán 0-0: Swinging Strike
0-1: Swinging Strike
0-2: Ball
1-2: Foul Ball, location: 2F
1-2: Fly out, F4 (Line Drive, 4)
Batting: LHB Mark Armstead 0-0: Ball
1-0: Ball
2-0: SINGLE (Groundball, 4MD)
Batting: RHB Edgardo Castro 0-0: DOUBLE (Line Drive, 7LM)
Mark Armstead to third
Batting: SHB Robert La Caze 0-0: Intentional Walk
Batting: RHB Roberto Camacho 0-0: Called Strike
0-1: Ball
1-1: Swinging Strike
1-2: Foul Ball, location: 2F
1-2: Foul Ball, location: 2F
1-2: Ball
2-2: Foul Ball, location: 2F
2-2: Foul Ball, location: 2F
2-2: Ball
3-2: Reached on error, E5 (Groundball, 56S)
Mark Armstead scores
Edgardo Castro to third
Robert La Caze to second
Batting: RHB Alejandro Garza 0-0: Called Strike
0-1: Foul Ball, location: 2F
0-2: Foul Ball, location: 2F
0-2: Strikes out swinging
Batting: RHB Gabe Cain 0-0: Called Strike
0-1: Ball
1-1: SINGLE (Flyball, 7LM)
Edgardo Castro scores
Robert La Caze to third
Roberto Camacho to second
Runner from 3rd tries for Home, SAFE, throw made home
Batting: LHB Tullu Amaad 0-0: Swinging Strike
0-1: Fly out, F8 (Flyball, 8RD)
Top of the 9th over - 3 runs, 3 hits, 1 error, 2 left on base; Lancaster 8 - Athletic Club KC Academy 3
BOTTOM OF THE 9TH
Athletic Club KC Academy batting - Pitching for Lancaster Farmers : RHP Gerry Fleck
Pitching: RHP Woody Hudson
Batting: RHB Arturo Annunziato 0-0: Ball
1-0: Ground out U3 (Groundball, 34)
Batting: RHB Dewey Nauss 0-0: Ball
1-0: Ball
2-0: Called Strike
2-1: Ball
3-1: Base on Balls
Batting: RHB Tae-kyun Chon 0-0: Swinging Strike
0-1: Ball
1-1: Foul Ball, location: 2F
1-2: Ball
2-2: Strikes out looking
Batting: RHB Colin Bottone 0-0: Foul Ball, location: 2F
0-1: Ball
1-1: Foul Ball, location: 2F
1-2: Strikes out swinging
Bottom of the 9th over - 0 runs, 0 hits, 0 errors, 1 left on base; Lancaster 8 - Athletic Club KC Academy 3
Tuesday, December 19th, 2017 - OOTP Baseball 18.8 Build 76